 Dungeon Crawl Stone Soup version 0.24.0-37-gcf1ca852f1 (webtiles) character file.

Game seed: 11979428409594728472, levelgen mode: deterministic

54481 Iamsoldier the Zephyrmancer (level 14, -4/87 HPs)
             Began as a Tengu Air Elementalist on Dec 3, 2019.
             Was a High Priest of Vehumet.
             Slain by a komodo dragon (9 damage)
             ... while petrified by a basilisk
             ... on level 4 of the Lair of Beasts.
             The game lasted 01:52:26 (30308 turns).

Iamsoldier the Zephyrmancer (TeAE)                 Turns: 30308, Time: 01:52:27

Health: -4/87      AC:  8    Str: 22    XL:     14   Next: 73%
Magic:  0/29       EV:  2    Int: 23    God:    Vehumet [*****.]
Gold:   517        SH:  0    Dex: 17    Spells: 2/34 levels left

rFire    + . .     SeeInvis +   E - +3 demon blade (flame)
rCold    x . .     Gourm    .   p - +3 buckler {rF+}
rNeg     + + +     Faith    .   C - +1 robe of Yesterday {Regen+ Str+7 Int+3 Slay-3}
rPois    ∞         Spirit   +   v - +2 hat
rElec    .         Reflect  .   a - scarf {Spirit}
rCorr    .         Harm     .   k - +2 pair of gloves
MR       +....                  (boots unavailable)
Stlth    ++........             L - amulet of Cenkack {RegenMP rPois rC- rN+ SInv}
HPRegen  0.64/turn              O - +5 ring of strength
MPRegen  0.46/turn              F - ring of Serendipity {Wiz Dex+3}

@: petrified, flying quickly and evasively, starving, quick
A: beak, talons 3, able to fly
a: Stop Flying, Renounce Religion


You were on level 4 of the Lair of Beasts.
You worshipped Vehumet.
Vehumet was extremely pleased with you.
You were starving.

You visited 3 branches of the dungeon, and saw 16 of its levels.
You also visited: Ice Cave and Volcano.

You collected 1087 gold pieces.
You spent 570 gold pieces at shops.

Inventory:

Hand Weapons
 E - a +3 demon blade of flaming (weapon)
Armour
 a - a scarf of spirit shield (worn)
 k - a +2 pair of gloves (worn)
 p - a +3 buckler of fire resistance (worn)
 v - a +2 hat (worn)
 C - the +1 robe of Yesterday (worn) {Regen+ Str+7 Int+3 Slay-3}
   (You found it on level 1 of the Lair of Beasts)

   It affects your strength (+7).
   It affects your intelligence (+3).
   It affects your accuracy and damage with ranged weapons and melee attacks
   (-3).
   It increases your rate of regeneration.
 D - a +1 robe of resistance
Jewellery
 i - an uncursed ring of protection from magic
 n - a +5 ring of evasion
 w - an uncursed ring of resist corrosion
 F - the ring of Serendipity (right hand) {Wiz Dex+3}
   (You found it on level 3 of the Lair of Beasts)

   [ring of wizardry]

   It improves your spell success rate.
   It affects your dexterity (+3).
 H - an uncursed ring of positive energy
 L - the amulet of Cenkack (around neck) {RegenMP rPois rC- rN+ SInv}
   (You took it off an orc warrior on level 9 of the Dungeon)

   [amulet of magic regeneration]

   It increases your magic regeneration.
   It makes you vulnerable to cold.
   It protects you from poison.
   It protects you from negative energy.
   It lets you see invisible.
 M - an uncursed ring of protection from fire
 O - a +5 ring of strength (left hand)
 Q - an uncursed amulet of faith {unknown}
Wands
 l - a wand of scattershot (2)
 o - a wand of enslavement (11)
 q - a wand of random effects (44)
 t - a wand of iceblast (4)
 x - a wand of disintegration (9)
 I - a wand of polymorph (13)
Scrolls
 b - 5 scrolls of remove curse
 e - a scroll of identify
 m - 3 scrolls of enchant armour
 s - a scroll of fog
 u - a scroll of magic mapping
 y - a scroll of amnesia
 K - 2 scrolls of fear
Potions
 c - 3 potions of brilliance
 f - 3 potions of lignification
 g - 2 potions of haste
 h - 2 potions of agility
 r - 2 potions of curing
 z - a potion of magic
 A - 3 potions of berserk rage
 B - a potion of mutation
 G - a potion of resistance
Miscellaneous
 P - a lightning rod (4/4)
Comestibles
 d - 24 rations
 j - 6 chunks of flesh


   Skills:
 + Level 9.9 Fighting
 + Level 8.9 Long Blades
 + Level 10.4 Dodging
 - Level 2.0 Stealth
 + Level 3.7 Shields
 * Level 10.6 Spellcasting
 + Level 11.1 Conjurations
 - Level 3.1 Charms
 - Level 6.1 Fire Magic
 - Level 5.0 Ice Magic
 + Level 11.7 Air Magic
 - Level 5.0 Poison Magic
 - Level 4.0 Evocations


You had 2 spell levels left.
You knew the following spells:

 Your Spells              Type           Power        Failure   Level  Hunger
a - Shock                 Conj/Air       ####         1%          1    None
b - Orb of Destruction    Conj           ######....   5%          7    #######
c - Mephitic Cloud        Conj/Pois/Air  ######..     1%          3    None
d - Lightning Bolt        Conj/Air       ######....   1%          5    ####...
e - Throw Flame           Conj/Fire      ######       1%          2    None
f - Swiftness             Chrm/Air       #####...     1%          2    None
g - Freezing Cloud        Conj/Ice/Air   ######....   2%          6    ######.
h - Poison Arrow          Conj/Pois      #####.....   3%          6    ######.

Your spell library contained the following spells:

 Spells                   Type           Power        Failure   Level  Hunger
 Flame Tongue             Conj/Fire      #####        1%          1    None
 Sandblast                Erth           ##....       1%          1    None
 Animate Skeleton         Necr           N/A          2%          1    None
 Confusing Touch          Hex            ##....       2%          1    None
 Passwall                 Tmut/Erth      ##......     3%          2    None
 Conjure Flame            Conj/Fire      ######..     1%          3    None
 Inner Flame              Hex/Fire       ####....     1%          3    None
 Static Discharge         Conj/Air       ######..     1%          3    None
 Stone Arrow              Conj/Erth      #####.       1%          3    None
 Airstrike                Air            ######....   1%          4    #......
 Sticky Flame             Conj/Fire      ######..     1%          4    #......
 Fireball                 Conj/Fire      ######....   1%          5    ####...
 Bolt of Fire             Conj/Fire      ######....   3%          6    ######.
 Confuse                  Hex            ##......     6%          3    None
 Gell's Gravitas          Tloc           ##........   6%          3    None
 Recall                   Summ/Tloc      N/A          6%          3    None
 Ice Form                 Ice/Tmut       ###.....     8%          4    #......
 Lee's Rapid Deconstruct  Erth           ##........   16%         5    ####...
 Yara's Violent Unravell  Hex/Tmut       ##........   16%         5    ####...
 Petrify                  Tmut/Erth      ##......     21%         4    #......
 Metabolic Englaciation   Hex/Ice        ###.......   21%         5    ####...
 Aura of Abjuration       Summ           ##........   50%         5    ####...
 Summon Demon             Summ           ##........   50%         5    ####...
 Summon Forest            Summ/Tloc      ##........   50%         5    ####...
 Summon Mana Viper        Hex/Summ       ##......     50%         5    ####...
 Ignition                 Fire           #####.....   89%         8    #######
 Shadow Creatures         Summ           N/A          96%         6    ######.
 Tornado                  Air            ######....   96%         9    #######
 Shatter                  Erth           ##........   100%        9    #######


Dungeon Overview and Level Annotations

Branches:
Dungeon (11/15)            Temple (1/1) D:6            Lair (4/6) D:11
 Shoals (0/4) Lair:2        Snake (0/4) Lair:2          Orc (0/2) D:10
  IceCv (visited)         Volcano (visited)

Altars:
Ashenzari
Cheibriados
Dithmenos
Elyvilon
Fedhas
Gozag
Hepliaklqana
Kikubaaqudgha
Makhleb
Nemelex Xobeh
Okawaru
Qazlal
Ru
Sif Muna
Trog
Uskayaw
Vehumet
Wu Jian
Xom
Yredelemnul
Zin
The Shining One

Shops:
D:4 *   D:6 !   D:8 ((%   D:11 (


Innate Abilities, Weirdness & Mutations

You have a beak for a mouth.
You have claws for feet.
You can fly continuously.


Message History

The spiny frog stings you!! The komodo dragon bites you!!
The spiny frog barely misses you. The crocodile bites you!
The komodo dragon bites you but does no damage.
The spiny frog stings you!!
* * * LOW HITPOINT WARNING * * *
The crocodile bites you but does no damage.
The komodo dragon bites you!!
* * * LOW HITPOINT WARNING * * *
The spiny frog stings you.
* * * LOW HITPOINT WARNING * * *
The crocodile bites you. The komodo dragon bites you!
* * * LOW HITPOINT WARNING * * *
The basilisk hisses menacingly.
The basilisk bites you.
* * * LOW HITPOINT WARNING * * *
The spiny frog stings you!
* * * LOW HITPOINT WARNING * * *
The crocodile bites you but does no damage.
The komodo dragon bites you!!
You die...

#.. .... # .. .....
#.... .... ...#.# ...
## .. ....#.##.##.#
..P ............##...
..............#.#
.......@l.......#
....[.tlF.....#.#
..................#
.............#..^..
................#..
......##..........
####...##...........
##..P...###......####
#................#


You could see a komodo dragon, a spiny frog, a basilisk and a crocodile.

Vanquished Creatures
  Gastronok (Lair:1)
  2 entropy weavers (Lair:3)
  Snorg (D:11)
  3 hydras
  4 ghost crabs (Lair:3)
  A dancing weapon (Volcano)
  3 death yaks (D:11)
  Urug (Lair:3)
  Nergalle (Lair:3)
  5 fire crabs (Lair:3)
  2 unseen horrors (D:10)
  5 wizards (Volcano)
  An ugly thing (D:11)
  2 cyclopes
  4 oklob plants (Lair:3)
  3 ice statues
  An apocalypse crab (Lair:3)
  4 black mambas
  6 elephants (Lair:3)
  5 toenail golems (Volcano)
  8 spiny frogs
  A rime drake (Lair:1)
  9 ice devils
  2 kobold demonologists (D:11)
  3 komodo dragons
  A polar bear (Lair:2)
  3 trolls
  Prince Ribbit (Lair:3)
  2 hornets
  17 blink frogs
  7 hippogriffs
  A shadow (D:9)
  2 hungry ghosts
  3 fire bats (Lair:1)
  28 yaks
  3 basilisks
  A vampire mosquito (D:9)
  2 nagas (Lair:2)
  4 water moccasins
  Duvessa (D:7)
  13 porcupines
  2 sky beasts
  3 orc warriors
  An eye of draining (D:11)
  12 ice beasts
  6 phantoms
  4 ogres
  A necrophage (D:11)
  A black bear (Lair:1)
  9 centaurs
  6 crocodiles
  6 big kobolds
  13 bullfrogs
  Dowan (D:7)
  2 scorpions
  12 killer bees
  7 howler monkeys
  An electric eel (Lair:1)
  4 crimson imps
  A quasit (D:9)
  2 jellies
  11 orc priests
  A centaur skeleton (D:8)
  3 hounds
  9 orc wizards
  4 bullfrog skeletons
  4 iguanas
  9 worker ants
  3 hell rats (D:11)
  2 killer bee zombies
  A hound zombie (D:11)
  A hound skeleton (D:4)
  2 worker ant zombies
  17 gnolls
  12 adders
  9 shadow imps
  7 white imps
  7 ufetubi (IceCv)
  2 oozes
  2 adder zombies
  2 adder skeletons
  A dart slug (D:4)
  5 leopard geckos
  49 orcs
  11 giant cockroaches
  9 goblins
  7 hobgoblins
  5 jackals
  18 kobolds
  5 quokkas
  A ball python (D:2)
  9 bats
  6 frilled lizards
  A leopard gecko skeleton (D:4)
  A leopard gecko zombie (D:8)
  A quokka skeleton (D:4)
  A quokka zombie (D:7)
  7 rats
  19 plants (Lair:1)
525 creatures vanquished.

Vanquished Creatures (others)
  A reaper (IceCv)
  4 white imps (IceCv)
  4 ufetubi (IceCv)
  A bush (Lair:4)
  4 fungi
  13 plants
27 creatures vanquished.

Grand Total: 552 creatures vanquished

Notes
Turn   | Place    | Note
-------+----------+-------------------------------------------
     0 | D:1      | Iamsoldier the Tengu Air Elementalist began the quest for
                  | the Orb.
     0 | D:1      | Reached XP level 1. HP: 10/10 MP: 4/4
   421 | D:1      | Reached XP level 2. HP: 15/15 MP: 0/6
   982 | D:1      | Reached XP level 3. HP: 19/19 MP: 1/7
  1750 | D:2      | Found a white marble altar of Elyvilon.
  2055 | D:2      | Reached skill level 5 in Air Magic
  2283 | D:2      | Found a burning altar of Makhleb.
  2717 | D:2      | Reached XP level 4. HP: 5/24 MP: 0/8
  3138 | D:3      | Learned a level 4 spell: Airstrike
  3141 | D:3      | Learned a level 2 spell: Swiftness
  3345 | D:3      | Gained mutation: You can fly continuously. [Tengu growth]
  3345 | D:3      | Reached XP level 5. HP: 28/28 MP: 6/10
  3803 | D:3      | You fall into a shaft and drop 2 floors!
  3803 | D:5      | Entered Level 5 of the Dungeon
  3953 | D:4      | Reached XP level 6. HP: 32/32 MP: 4/11
  4657 | D:3      | Found a hide-covered altar of Uskayaw.
  4801 | D:4      | Found Zyrivan's General Store.
  4824 | D:4      | Bought a scroll of identify for 24 gold pieces
  5333 | D:4      | Noticed a phantom
  5357 | D:4      | Killed a phantom
  5357 | D:4      | Reached skill level 1 in Fighting
  5357 | D:4      | Reached XP level 7. HP: 38/38 MP: 0/13
  6412 | D:5      | Reached skill level 5 in Conjurations
  6544 | D:5      | Reached XP level 8. HP: 45/45 MP: 10/15
  6619 | D:6      | Found Bavuc's Distillery.
  6834 | D:6      | Reached skill level 5 in Dodging
  6930 | D:6      | Learned a level 5 spell: Lightning Bolt
  7415 | D:6      | Found a staircase to the Ecumenical Temple.
  7421 | Temple   | Entered the Ecumenical Temple
  7504 | Temple   | Became a worshipper of Vehumet
  8240 | D:7      | Noticed Dowan
  8249 | D:7      | Noticed Duvessa
  9112 | D:7      | Reached XP level 9. HP: 52/52 MP: 4/17
  9248 | D:7      | Reached skill level 5 in Spellcasting
  9419 | D:7      | Killed Duvessa
  9439 | D:7      | Killed Dowan
 10471 | D:8      | Noticed a hornet
 10486 | D:7      | Killed a hornet
 10486 | D:7      | Reached * piety under Vehumet
 10486 | D:7      | Offered knowledge of Sandblast by Vehumet.
 10607 | D:8      | Reached skill level 1 in Charms
 10607 | D:8      | Reached skill level 1 in Evocations
 10729 | D:7      | Reached skill level 5 in Fighting
 11065 | D:8      | Reached XP level 10. HP: 47/59 MP: 9/19
 11316 | D:8      | Found Hit Vymo's Food Shop.
 11428 | D:8      | Found Gaohuhan's Antique Weapon Emporium.
 11433 | D:8      | Found Tesiamopp's Antique Weapon Shoppe.
 11629 | D:8      | Bought a glowing demon blade for 378 gold pieces
 12014 | D:9      | Paralysed by a hornet for 1 turns
 12015 | D:9      | Reached skill level 1 in Long Blades
 12186 | D:9      | Found a bloodstained altar of Trog.
 12190 | D:9      | Found a shattered altar of Ashenzari.
 12196 | D:9      | Found an iron altar of Okawaru.
 12540 | D:9      | Offered knowledge of Flame Tongue by Vehumet.
 12620 | D:9      | Reached ** piety under Vehumet
 12735 | D:9      | Noticed a four-headed hydra
 13869 | D:9      | Killed a one-headed hydra
 14163 | D:9      | Noticed a cyclops
 14199 | D:9      | Killed a cyclops
 14307 | D:9      | Reached XP level 11. HP: 65/65 MP: 19/22
 14322 | D:9      | Identified the +11 glaive of World Downfall {speed, -Tele
                  | rElec MR+ Str+2}
 14322 | D:9      | Identified the amulet of Cenkack {RegenMP rPois rC- rN+
                  | SInv}
 14323 | D:9      | Identified the Reference Book on Heat and the Frostbite
 14345 | D:9      | Identified Xoaqajuo's Disquisition on the Lethal Arsonist
 14353 | D:9      | Learned a level 2 spell: Throw Flame
 14481 | D:9      | Offered knowledge of Mephitic Cloud by Vehumet.
 14486 | D:9      | Learned a level 3 spell: Mephitic Cloud
 14809 | D:10     | Entered Level 10 of the Dungeon
 14917 | D:10     | Found a staircase to the Orcish Mines.
 14931 | D:10     | Found a bloodstained altar of Trog.
 14962 | D:10     | Killed an unseen horror
 14962 | D:10     | Reached skill level 1 in Fire Magic
 15173 | D:10     | Killed an unseen horror
 15173 | D:10     | Reached skill level 1 in Poison Magic
 15284 | D:10     | Reached *** piety under Vehumet
 15362 | D:10     | Reached skill level 10 in Air Magic
 15710 | D:10     | Offered knowledge of Throw Icicle by Vehumet.
 16242 | D:11     | Found a frozen archway.
 16258 | IceCv    | Entered an ice cave
 16364 | IceCv    | Killed a reaper
 19108 | IceCv    | Reached **** piety under Vehumet
 19419 | IceCv    | Reached skill level 5 in Long Blades
 19750 | IceCv    | Got a sparkling jade amulet
 20035 | D:11     | Identified the amulet "Akhlosh" {Harm *Drain rElec Str+5}
                  | (You found it in an ice cave)
 20135 | D:11     | Offered knowledge of Olgreb's Toxic Radiance by Vehumet.
 20137 | D:11     | Noticed a death yak
 20139 | D:11     | Noticed a death yak
 20148 | D:11     | Noticed a death yak
 20178 | D:11     | Killed a death yak
 20178 | D:11     | Reached XP level 12. HP: 68/72 MP: 14/24
 20320 | D:11     | Killed a death yak
 20336 | D:11     | Killed a death yak
 20926 | D:11     | Found Nienag's Antique Weapon Emporium.
 21149 | D:11     | Noticed Snorg
 21180 | D:11     | Killed Snorg
 21312 | D:11     | Found a staircase to the Lair.
 21708 | D:11     | Learned a level 6 spell: Freezing Cloud
 21730 | D:11     | Reached skill level 5 in Fire Magic
 21781 | D:11     | Reached ***** piety under Vehumet
 21782 | D:11     | Offered knowledge of Poison Arrow by Vehumet.
 21786 | D:11     | Reached skill level 1 in Ice Magic
 22136 | D:4      | Bought a potion of brilliance for 48 gold pieces
 22136 | D:4      | Bought 2 potions of heal wounds for 120 gold pieces
 22297 | Lair:1   | Entered Level 1 of the Lair of Beasts
 22305 | Lair:1   | Noticed Gastronok
 22371 | Lair:1   | Noticed a five-headed hydra
 22396 | Lair:1   | Found a dark tunnel.
 22456 | Volcano  | Entered a volcano
 22770 | Volcano  | Paralysed by a wizard for 6 turns
 22782 | Volcano  | Reached skill level 10 in Conjurations
 22796 | Volcano  | Reached XP level 13. HP: 63/79 MP: 7/26
 23059 | Volcano  | Reached skill level 10 in Dodging
 24227 | Lair:1   | Identified the cursed +1 robe of Yesterday {Regen+ Str+7
                  | Int+3 Slay-3} (You found it on level 1 of the Lair of
                  | Beasts)
 24369 | Lair:1   | Learned a level 6 spell: Poison Arrow
 25225 | Lair:1   | Killed Gastronok
 25856 | Lair:2   | Found a staircase to the Snake Pit.
 25883 | Lair:2   | Offered knowledge of Orb of Destruction by Vehumet.
 26258 | Lair:2   | Reached skill level 1 in Shields
 26502 | Lair:2   | Reached skill level 5 in Ice Magic
 26552 | Lair:2   | Reached XP level 14. HP: 58/86 MP: 9/28
 26959 | Lair:2   | Found a staircase to the Shoals.
 27189 | Lair:3   | Noticed Nergalle
 27207 | Lair:3   | Killed Nergalle
 27472 | Lair:3   | Noticed Prince Ribbit
 27485 | Lair:3   | Killed Prince Ribbit
 27485 | Lair:3   | Noticed Urug
 27496 | Lair:3   | Reached skill level 10 in Spellcasting
 27525 | Lair:3   | Killed Urug
 27748 | Lair:3   | Identified a scroll of acquirement
 27809 | Lair:3   | Got a twitching bronze ring
 27810 | Lair:3   | Identified the ring of Serendipity {Wiz Dex+3} (You found
                  | it on level 3 of the Lair of Beasts)
 27832 | Lair:3   | Learned a level 7 spell: Orb of Destruction
 27866 | Lair:3   | Found a runed translucent door.
 27883 | Lair:3   | Reached skill level 5 in Poison Magic
 28041 | Lair:3   | HP: 2/86 [fire crab (3)]
 29105 | Lair:3   | Noticed an entropy weaver
 29112 | Lair:3   | Killed an entropy weaver
 29427 | Lair:3   | Noticed an entropy weaver
 29449 | Lair:3   | Killed an entropy weaver
 30307 | Lair:4   | HP: 4/87 [spiny frog (3)]
 30308 | Lair:4   | Slain by a komodo dragon

Levels and vault maps discovered:
D:1:      dpeg_arrival_leaves_temple_mockup, layout_rooms,
          hangedman_feature_mirror
D:2:      layout_loops_corners, bloody_makhleb, eino_tiny_chamber,
          minmay_misc_feat_roman, elyvilon_altar_1
D:3:      layout_basic, lemuel_round_altar, minmay_misc_feat_encased,
          nrook_campfire, minmay_tree_intersection
D:4:      layout_basic, serial_shops, shop
D:5:      layout_cave_pools, first_ration
D:6:      layout_basic, temple_green, serial_shops, shop, minmay_misc_feat_iff
D:7:      layout_layer_cave, hangedman_minor_gate_pass, uniq_duvessa
D:8:      layout_cave_pools, serial_shops, shop, shop, nicolae_shop_stone
D:9:      minmay_the_grid_triangle_9x9_rhombus_thin
          [minmay_the_grid_triangle_9x9_zippers_horizontal,
          minmay_the_grid_triangle_9x9_prize_schism,
          minmay_the_grid_triangle_9x9_alien,
          minmay_the_grid_triangle_9x9_empty], layout_basic,
          grunt_temple_overflow_diamond
D:10:     layout_roguey, orc_0_dummy, basic_altar
D:11:     layout_layer_cave, dpeg_lair_monsters, serial_shops,
          nicolae_shop_overgrown_old_shop, portal_ice_cave_entry_pillars_2,
          uniq_snorg
Temple:   minmay_crystal_spiral_temple
Lair:1:   wad_woods_structure_01, layout_chaotic_city, gauntlet_entry_generic,
          nicolae_volcano_entry_batcave, chequers_serial_rivers_large_b,
          nicolae_quartered_pool_super, uniq_gastronok
Lair:2:   layout_regular_city, minmay_shoals_entry_centaurs,
          guppyfry_snake_entry_island, chequers_serial_rivers_micro_d,
          ice2_lemuel, serial_bayou_shore_b
Lair:3:   gammafunk_mikee_crab_dinner, layout_gridlike, serial_bayou_shore_a,
          minmay_lair_oklob_chamber, uniq_nergalle, uniq_prince_ribbit2,
          uniq_urug
Lair:4:   cheibrodos_lair_overgrown_chateau, layout_gridlike,
          gammafunk_ghost_hydra_chop, st_stairs_5

Skill      XL: |  1  2  3  4  5  6  7  8  9 10 11 12 13 14 |
---------------+-------------------------------------------+-----
Conjurations   | 2 3 4 5 6 8 10 11 | 11.1
Air Magic      | 5 6 7 8 9 10 11 | 11.7
Dodging        | 3 4 5 6 7 9 10 | 10.4
Spellcasting   | 3 4 5 6 7 8 9 10 | 10.6
Fighting       | 1 2 3 5 6 7 8 9 |  9.9
Charms         | 1 3 |  3.1
Evocations     | 2 4 |  4.0
Long Blades    | 3 5 6 8 |  8.9
Fire Magic     | 3 5 6 |  6.1
Poison Magic   | 3 4 5 |  5.0
Ice Magic      | 2 5 |  5.0
Shields        | 1 3 |  3.7
Stealth        | |  2.0

Action                   |  1- 3 |  4- 6 |  7- 9 | 10-12 | 13-15 || total
-------------------------+-------+-------+-------+-------+-------++-------
Melee: Unarmed           |     1 |       |       |       |       ||     1
       Dagger            |     4 |       |       |       |       ||     4
       Kick              |     2 |     9 |     2 |    96 |   266 ||   375
       Flail             |       |    28 |    15 |     3 |       ||    46
       Peck              |       |     1 |     2 |    68 |   158 ||   229
       Demon blade       |       |       |       |   204 |   489 ||   693
 Cast: Shock             |    90 |   143 |   239 |   478 |   136 ||  1086
       Airstrike         |       |     3 |    29 |    77 |    47 ||   156
       Lightning Bolt    |       |       |       |     9 |     3 ||    12
       Throw Flame       |       |       |       |    81 |    29 ||   110
       Mephitic Cloud    |       |       |       |    25 |     9 ||    34
       Freezing Cloud    |       |       |       |     2 |    27 ||    29
       Orb of Destructio |       |       |       |       |     4 ||     4
 Abil: Fly               |       |       |     1 |       |       ||     1
Evoke: Wand              |       |       |       |     3 |       ||     3
  Use: Scroll            |       |       |       |    21 |    17 ||    38
       Potion            |       |       |       |    10 |     1 ||    11
 Stab: Sleeping          |     1 |       |       |       |     4 ||     5
       Confused          |       |       |       |     3 |     3 ||     6
  Eat: Chunk             |     7 |     9 |    17 |    31 |    19 ||    83
       Ration            |       |       |     2 |     5 |     5 ||    12
Armor: Robe              |     6 |     7 |    16 |    59 |    58 ||   146
Dodge: Dodged            |    30 |    61 |   213 |   636 |   364 ||  1304
Block: Buckler           |       |       |       |       |   125 ||   125
       Rpst.: Demon blade |       |       |       |   158 |   111 ||   269
